 Dungeon Crawl Stone Soup version 0.29.1-1-gd02db6906a (webtiles) character file.

Game seed: 16639169205948292794

15990 smilodon the Grappler (level 12, -8/120 HPs)
             Began as a Troll Fighter on Sept 22, 2022.
             Was a High Priest of Okawaru.
             Mangled by an eight-headed hydra (12 damage)
             ... on level 1 of the Lair of Beasts.
             The game lasted 00:30:02 (8349 turns).

smilodon the Grappler (Troll Fighter)               Turns: 8349, Time: 00:30:02

Health: -8/120     AC: 11    Str: 31    XL:     12   Next: 6%
Magic:  0/13       EV: 11    Int:  9    God:    Okawaru [*****.]
Gold:   1100       SH:  0    Dex: 15    Spells: 11/11 levels left

rFire   + + +      SeeInvis .     - Unarmed
rCold   x x .      Faith    .   j - orb {*Rage}
rNeg    . . .      Spirit   +   D - +0 fire dragon scales
rPois   .          Reflect  .   A - +1 hat of the Barracuda {rF+ rC- Will+ Int+3}
rElec   .          Harm     .   q - scarf {repulsion}
rCorr   .          Rampage  .   (gloves unavailable)
Will    +....      Rage     20% (boots unavailable)
Stlth   +.........              B - amulet of guardian spirit
HPRegen 1.10/turn               x - ring "Hihiu" {Int+2 Dex+6 Stlth+}
MPRegen 0.13/turn               i - ring of flight

@: about to teleport, flying, repel missiles
A: large, unfitting armour, claws 3, regeneration 1, shaggy fur 1, tough skin 1
a: Renounce Religion, Heroism, Finesse, Duel


You were on level 1 of the Lair of Beasts.
You worshipped Okawaru.
Okawaru was extremely pleased with you.
You visited 3 branches of the dungeon, and saw 13 of its levels.
You also visited: Bailey.

You collected 1700 gold pieces.
You spent 600 gold pieces at shops.

Inventory:

Hand Weapons
 a - a +4 short sword
 t - a +2 flail of holy wrath
Missiles
 g - 3 javelins (quivered)
 l - 8 boomerangs
 E - a curare-tipped dart
 G - 5 throwing nets
Armour
 j - an orb of wrath (worn)
 p - a +2 cloak
 q - a scarf of repulsion (worn)
 A - the +1 hat of the Barracuda (worn) {rF+ rC- Will+ Int+3}
   (You found it on level 7 of the Dungeon)

   Int:       It affects your intelligence (+3).
   rF:        It protects you from fire.
   rC:        It makes you vulnerable to cold.
   Will:      It increases your willpower.
 D - +0 fire dragon scales (worn)
Jewellery
 d - a +6 ring of intelligence
 i - a ring of flight (right claw)
 x - the ring "Hihiu" (left claw) {Int+2 Dex+6 Stlth+}
   (You found it on level 8 of the Dungeon)

   [ring of dexterity]

   Int:       It affects your intelligence (+2).
   Dex:       It affects your dexterity (+6).
   Stlth:     It makes you more stealthy.
 y - a ring of wizardry
 B - an amulet of guardian spirit (around neck)
 C - a ring of positive energy
 M - a +4 ring of protection
Wands
 o - a wand of flame (27)
 r - a wand of charming (13)
 u - a wand of mindburst (8)
 F - a wand of polymorph (18)
Scrolls
 f - 2 scrolls of torment
 h - 2 scrolls of amnesia
 k - 2 scrolls of immolation
 m - a scroll of fog
 z - a scroll of vulnerability
 I - a scroll of enchant weapon
 J - a scroll of poison
 K - a scroll of fear
Potions
 b - 5 potions of heal wounds
 c - 3 potions of attraction
 e - 5 potions of curing
 n - 3 potions of brilliance
 v - a potion of berserk rage
 w - a potion of flight
 L - a potion of haste


   Skills:
 + Level 8.2 Fighting
 + Level 0.8 Throwing
 + Level 8.1 Dodging
 - Level 4.4 Shields
 + Level 14.9 Unarmed Combat
 + Level 3.3 Invocations


You had 11 spell levels left.
You didn't know any spells.
Your spell library contained the following spells:

 Spells                   Type           Power      Damage    Failure   Level
 Apportation              Tloc           0%         N/A       69%         1
 Necrotise                Necr           0%         1d4       69%         1
 Sandblast                Erth           0%         2d4       69%         1
 Sting                    Tmut/Pois      0%         1d3       69%         1
 Passwall                 Tmut/Erth      0%         N/A       83%         2
 Poisonous Vapours        Pois/Air       0%         N/A       83%         2
 Dazzling Flash           Conj/Hex       0%         N/A       96%         3
 Gell's Gravitas          Tloc           0%         N/A       96%         3
 Stone Arrow              Conj/Erth      0%         3d7       96%         3
 Teleport Other           Tloc           0%         N/A       96%         3
 Vampiric Draining        Necr           0%         2d6       96%         3
 Airstrike                Air            0%         2d(0-16)  100%        4
 Iskenderun's Mystic Bla  Conj/Tloc      0%         2d3       100%        4
 Olgreb's Toxic Radiance  Pois           0%         N/A       100%        4
 Agony                    Necr           0%         N/A       100%        5
 Lightning Bolt           Conj/Air       0%         1d11      100%        5
 Dispersal                Tloc           0%         N/A       100%        6
 Starburst                Conj/Fire      0%         6d3       100%        6
 Lehudib's Crystal Spear  Conj/Erth      0%         10d2      100%        8
 Summon Small Mammal      Summ           Unusable   N/A       N/A         1
 Animate Armour           Summ/Erth      Unusable   N/A       N/A         4
 Summon Lightning Spire   Summ/Air       Unusable   N/A       N/A         4

Dungeon Overview and Level Annotations

Branches:
Dungeon (11/15)            Temple (1/1) D:6            Lair (1/5) D:9
    Orc (0/2) D:11         Bailey (visited)

Altars:
Ashenzari
Cheibriados
Dithmenos
Elyvilon
Fedhas
Gozag
Hepliaklqana
Kikubaaqudgha
Makhleb
Nemelex Xobeh
Okawaru
Qazlal
Ru
Sif Muna
Trog
Uskayaw
Vehumet
Wu Jian
Xom
Yredelemnul
Zin
The Shining One
Lugonu

Shops:
D:7 [


Innate Abilities, Weirdness & Mutations

You are too large for most types of armour.
You have claws for hands.
Your natural rate of healing is unusually fast.
You are covered in fur. (AC +1)
You have tough skin. (AC +1)


Message History

The eight-headed hydra closely misses you.
The eight-headed hydra bites you! The eight-headed hydra bites you.
The eight-headed hydra bites you!
The eight-headed hydra barely misses you.
The eight-headed hydra misses you.
As you read the scroll of teleportation, it crumbles to dust.
You feel strangely unstable.
The wolf howls!
The eight-headed hydra bites you! x2
The eight-headed hydra bites you but does no damage.
The eight-headed hydra bites you.
The eight-headed hydra barely misses you.
The eight-headed hydra bites you.
* * * LOW HITPOINT WARNING * * *
The eight-headed hydra bites you but does no damage.
The eight-headed hydra misses you.
The eight-headed hydra attacks as you move away!
The eight-headed hydra bites you!
* * * LOW HITPOINT WARNING * * *
The eight-headed hydra bites you but does no damage.
The eight-headed hydra bites you!
* * * LOW HITPOINT WARNING * * *
The eight-headed hydra bites you!
* * * LOW HITPOINT WARNING * * *
The eight-headed hydra bites you but does no damage.
The eight-headed hydra barely misses you.
The eight-headed hydra closely misses you.
The eight-headed hydra completely misses you.
The eight-headed hydra attacks as you move away!
The eight-headed hydra closely misses you.
The eight-headed hydra bites you.
* * * LOW HITPOINT WARNING * * *
The eight-headed hydra barely misses you.
The eight-headed hydra closely misses you.
The eight-headed hydra barely misses you.
The eight-headed hydra bites you.
* * * LOW HITPOINT WARNING * * *
The eight-headed hydra barely misses you.
The eight-headed hydra bites you!
You die...

..# #....# †#######
##...## ..#.##.#####
#...##
....#......### #...#
..†...^.....P#
##..##
#....†.......###...#
#P............##..##
###...............#
#..............@.#
#..............D.#
#..............###
#...............#
#.............h##
#..............#
...............#
#..............##
.......


You could see an eight-headed hydra and a wolf.

Vanquished Creatures
  3 two-headed ogres
  7 death yaks (D:9)
  The ghost of TheSexyCheese the Grappler, a novice TrFi of Ashenzari (D:8)
  An unseen horror (D:10)
  2 trolls (D:9)
  4 blink frogs (Lair:1)
  13 yaks (D:9)
  A wyvern (D:10)
  A basilisk (D:9)
  A steam dragon (D:7)
  Grum (Bailey)
  An acid dragon (D:9)
  5 water moccasins
  3 orc warriors
  A sky beast (D:7)
  3 ice beasts
  3 black bears
  6 wolves
  2 ogres
  2 centaurs
  A phantom (D:4)
  2 kobold brigands
  A bullfrog (D:7)
  7 gnoll sergeants (Bailey)
  4 necrophages
  2 scorpions (D:5)
  6 electric eels
  5 howler monkeys
  7 hounds
  4 quasits (D:8)
  2 jellies
  7 gnoll boudas (Bailey)
  4 orc priests
  3 iguanas
  3 orc wizards
  5 adders
  13 gnolls (Bailey)
  2 white imps
  An ufetubus (D:5)
  A worm (D:4)
  3 dart slugs
  34 orcs
  3 bats
  4 endoplasms
  5 giant cockroaches
  15 goblins
  7 hobgoblins
  12 kobolds
  A quokka (D:3)
  4 ball pythons
  2 frilled lizards (D:2)
  4 rats
235 creatures vanquished.

Vanquished Creatures (others)
  2 fungi (Lair:1)
  5 plants
7 creatures vanquished.

Grand Total: 242 creatures vanquished

Notes
Turn   | Place    | Note
-------+----------+-------------------------------------------
     0 | D:1      | smilodon the Troll Fighter began the quest for the Orb.
     0 | D:1      | Reached XP level 1. HP: 22/22 MP: 0/0
   172 | D:1      | Reached XP level 2. HP: 29/29 MP: 1/1
  1276 | D:2      | Found a faded altar of an unknown god.
  1372 | D:2      | Reached XP level 3. HP: 36/36 MP: 2/2
  1737 | D:3      | Noticed an ice beast
  1738 | D:3      | Noticed a scorpion
  2062 | D:3      | Reached XP level 4. HP: 45/45 MP: 3/3
  2129 | D:4      | Found a snail-covered altar of Cheibriados.
  2183 | D:4      | Reached skill level 3 in Unarmed Combat
  2227 | D:4      | Noticed a necrophage
  2236 | D:4      | Killed a necrophage
  2237 | D:4      | Reached XP level 5. HP: 53/53 MP: 4/4
  2320 | D:4      | Found a basalt altar of Yredelemnul.
  2399 | D:4      | Found a white marble altar of Elyvilon.
  2400 | D:4      | Found a glowing golden altar of the Shining One.
  2400 | D:4      | Found a glowing silver altar of Zin.
  2615 | D:4      | Found an opulent altar of Gozag.
  2621 | D:4      | Noticed a phantom
  2633 | D:4      | Killed a phantom
  2634 | D:4      | Reached XP level 6. HP: 61/61 MP: 5/5
  2638 | D:4      | Found a shimmering altar of Xom.
  2659 | D:5      | Entered Level 5 of the Dungeon
  2745 | D:5      | Reached skill level 4 in Unarmed Combat
  2761 | D:5      | Reached XP level 7. HP: 56/68 MP: 6/6
  2796 | D:5      | Found a hide-covered altar of Uskayaw.
  3061 | D:5      | Found a burning altar of Makhleb.
  3066 | D:5      | Reached skill level 5 in Unarmed Combat
  3081 | D:5      | Found a bloodstained altar of Trog.
  3082 | D:5      | Found an iron altar of Okawaru.
  3155 | D:5      | Identified a scroll of acquirement
  3160 | D:5      | Acquired 437 gold pieces
  3161 | D:5      | Reached skill level 12 in Unarmed Combat
  3161 | D:5      | Reached XP level 8. HP: 79/79 MP: 7/7
  3212 | D:6      | Reached XP level 9. HP: 85/85 MP: 8/8
  3257 | D:6      | Found a staircase to the Ecumenical Temple.
  3266 | Temple   | Entered the Ecumenical Temple
  3696 | D:6      | Reached skill level 13 in Unarmed Combat
  3714 | D:6      | Found a radiant altar of Vehumet.
  4069 | D:7      | Reached skill level 5 in Fighting
  4095 | D:7      | Reached skill level 5 in Dodging
  4126 | D:7      | Identified the +1 hat of the Barracuda {rF+ rC- Will+
                  | Int+3}
  4333 | D:7      | Found Xycut's Armour Emporium.
  4346 | D:7      | Bought +0 fire dragon scales for 600 gold pieces
  4649 | D:5      | Became a worshipper of Warmaster Okawaru
  4717 | D:8      | Found a transporter.
  4721 | D:8      | Noticed TheSexyCheese's ghost (novice TrFi)
  4743 | D:8      | Found a transporter.
  4751 | D:8      | Killed TheSexyCheese's ghost
  4761 | D:8      | Reached XP level 10. HP: 92/98 MP: 9/9
  4769 | D:8      | Reached * piety under Okawaru
  4770 | D:8      | Identified the ring "Hihiu" {Int+2 Dex+6 Stlth+}
  4793 | D:8      | Noticed a two-headed ogre
  4799 | D:8      | Killed a two-headed ogre
  5715 | D:9      | Reached ** piety under Okawaru
  5783 | D:9      | Reached *** piety under Okawaru
  5802 | D:9      | Noticed a two-headed ogre
  5825 | D:9      | Killed a two-headed ogre
  5834 | D:9      | Reached skill level 14 in Unarmed Combat
  5986 | D:9      | Reached XP level 11. HP: 98/107 MP: 10/10
  6003 | D:9      | Reached **** piety under Okawaru
  6046 | D:9      | Noticed a death yak
  6067 | D:9      | Killed a death yak
  6118 | D:9      | Noticed a death yak
  6127 | D:9      | Noticed a death yak
  6128 | D:9      | Killed a death yak
  6128 | D:9      | Noticed a death yak
  6129 | D:9      | Noticed a death yak
  6129 | D:9      | Noticed a death yak
  6129 | D:9      | Noticed a death yak
  6135 | D:9      | Found a flagged portal.
  6158 | Bailey   | Entered a bailey
  6202 | Bailey   | Reached ***** piety under Okawaru
  6424 | Bailey   | Noticed Grum
  6554 | Bailey   | Killed Grum
  6829 | D:9      | Killed a death yak
  6830 | D:9      | Reached skill level 1 in Invocations
  6832 | D:9      | Killed a death yak
  6839 | D:9      | Killed a death yak
  6846 | D:9      | Killed a death yak
  6856 | D:9      | Killed a death yak
  6856 | D:9      | Received a gift from Okawaru
  6899 | D:9      | Found a staircase to the Lair.
  7120 | D:10     | Entered Level 10 of the Dungeon
  7462 | D:10     | Found a broken altar of Ashenzari.
  7488 | D:10     | Noticed a two-headed ogre
  7493 | D:10     | Killed a two-headed ogre
  7543 | D:10     | Found a hazy altar of Hepliaklqana.
  7888 | D:11     | Found a staircase to the Orcish Mines.
  7889 | D:11     | Noticed a six-headed hydra
  7889 | D:11     | Noticed a four-headed hydra
  8128 | Lair:1   | Entered Level 1 of the Lair of Beasts
  8185 | Lair:1   | Identified the +5 long sword of Comagir {drain, Drain Str+8
                  | Int+5}
  8230 | Lair:1   | Reached XP level 12. HP: 57/119 MP: 7/13
  8339 | Lair:1   | Noticed an eight-headed hydra
  8347 | Lair:1   | HP: 5/120 [eight-headed hydra (13)]
  8349 | Lair:1   | Mangled by an eight-headed hydra

Illustrated notes

Levels and vault maps discovered:
D:1:      dpeg_arrival_tiny_a, layout_basic, serial_glass, glass_columns_a,
          glass_columns_b
D:2:      layout_basic, ebering_ecumenical_altar_sacrificial
D:3:      layout_basic, lightli_corner_chamber
D:4:      layout_rooms, good_gods_temple_1, cheibriados_altar_1,
          mainiacjoe_overflow_chevrons, mainiacjoe_overflow_big_doors
D:5:      layout_basic, grunt_temple_overflow_bloody_war,
          mainiacjoe_overflow_tiny_flanked, mainiacjoe_overflow_surrounded_room
D:6:      layout_basic, mainiacjoe_overflow_alcove_2, minmay_temple_entry_mist,
          corexii_leaking_fountain, due_unseen_surprise
D:7:      layout_rooms, serial_shops, nicolae_diamond_shop
D:8:      layout_basic, gammafunk_ghost_stat_death, serial_bayou_lake_a
D:9:      wander_river, layout_irregular_city, dpeg_lair_monsters,
          enter_bailey_5, disabler_island
D:10:     layout_long_grid, nicolae_hepliaklqana_hazy_memory,
          ashenzari_conservatory_becter
D:11:     layout_loops_ring, orc_0_dummy, serial_shops, shop, shop_statue,
          st_stairs_9, serial_bayou_crossing, uniq_erolcha
Temple:   corrupted_temple
Lair:1:   layout_cave_pods, lemuel_altar_in_water2,
          grunt_forest_large_clearings, uniq_amaemon, uniq_gastronok, uniq_grum

Skill      XL: |  1  2  3  4  5  6  7  8  9 10 11 |
---------------+----------------------------------+-----
Shields        | 3 4 |  4.4
Fighting       | 3 4 5 6 8 |  8.2
Dodging        | 3 4 5 6 8 |  8.1
Unarmed Combat | 3 4 12 13 14 | 14.9
Invocations    | 3 |  3.3
Throwing       | |  0.8

Action                   |  1- 3 |  4- 6 |  7- 9 | 10-12 || total
-------------------------+-------+-------+-------+-------++-------
Melee: Unarmed           |    96 |    93 |   164 |   313 ||   666
Throw: Javelin           |       |       |       |     1 ||     1
Invok: Heroism           |       |       |       |     2 ||     2
Evoke: Wand              |       |       |       |    10 ||    10
  Use: Scroll            |     7 |       |     8 |    10 ||    25
       Potion            |     4 |       |     5 |     4 ||    13
Armor: Robe              |    38 |    29 |    45 |       ||   112
       Fire dragon scale |       |       |    51 |   160 ||   211
       Steam dragon scal |       |       |     1 |       ||     1
Dodge: Dodged            |    28 |    45 |    89 |   212 ||   374
Block: Kite shield       |     8 |       |       |       ||     8
